Wolves vs Inferno
Created - 9 mars 2015 at 19:22
Goals
|
| Wolves |
0 |
3 |
0 |
3 |
| Inferno |
4 |
1 |
0 |
5 |
|
Shots
|
| Wolves |
4 |
22 |
7 |
33 |
| Inferno |
13 |
6 |
9 |
28 |
|
1st period
1. Inferno , Vladimir Zharkov 23 (Cal O'Reilly) at 7:53
2. Inferno , Vladimir Sobotka 17 (Jonathan Ferland) at 8:28
3. Inferno , Pavel Vorobiev 28 (Brad Marchand) at 9:01
4. Inferno , Simon Danis-Pepin 1 (Brian Boyle, Brad Marchand) at 14:37
Penalties :
Nate Guenin (Min) for Holding (Minor) at 1:38, Jonathan Ferland (Anc) for Fighting (Major) at 15:42, Chris Neil (Min) for Fighting (Major) at 15:42, Jonathan Ferland (Anc) for instigated a fight (Minor) at 15:42, Jonathan Ferland (Anc) for instigated a fight (10 Minutes Misconduct) at 15:42
2nd period
5. Inferno , Stephane Veilleux 40 (Simon Danis-Pepin, Vladimir Zharkov) at 1:43
6. Wolves , Mike Sislo 18 (Jarret Stoll, Nate Guenin) at 13:24
7. Wolves , Marc-André Gragnani 1 (Nate Guenin, Nathan Davis) at 17:09
8. Wolves , Nikolai Kulemin 3 (Ryan Ellis, Jamie Storr) at 19:07 (PP)
Penalties :
Bruno Gervais (Min) for Roughing (Minor) at 5:50, Brian Boyle (Anc) for Tripping (Minor) at 13:51, David Savard (Anc) for Roughing (Double Minor) at 17:12
3rd period
No Goal
Penalties :
Brian Boyle (Anc) for Roughing (Minor) at 1:21, Chris Neil (Min) for Goalie Interference (Minor) at 6:07, Nate Guenin (Min) for Holding (Minor) at 13:54
Goalie Stats
Jamie Storr (Min), 23 saves from 28 shots - (0,821), L, 29-20-5, 60:00 minutes
Josh Harding (Anc), 30 saves from 33 shots - (0,909), W, 30-16-4, 60:00 minutes
Players Stats for Wolves
Player Name G A P +/- PIM S H SB GA TA FO MP PP MP PK MP
------------------------------------------------------------------------------------
Bruno Gervais 0 0 0 -2 2 1 2 1 1 1 0/0 21:05 4:10 3:15
Chris Neil 0 0 0 -2 7 1 4 0 0 0 2/6 19:17 4:20 3:31
Chris Terry 0 0 0 0 0 0 0 0 0 0 0/0 8:15 0:07 0:00
Dan Fritsche 0 0 0 0 0 1 3 0 1 0 3/6 12:42 0:30 3:03
Dmitry Kulikov 0 0 0 -2 0 1 7 3 0 0 0/0 24:21 5:41 1:32
Jarret Stoll 0 1 1 0 0 3 3 0 0 0 4/5 18:13 4:16 1:26
Jonathan Rheault 0 0 0 0 0 0 0 0 0 0 0/0 8:06 0:02 0:00
Maksim Mayorov 0 0 0 -1 0 1 2 0 0 0 0/0 10:26 0:00 0:00
Marc-André Gragnani 1 0 1 1 0 2 0 0 0 0 0/0 12:12 0:00 2:20
Mike Sislo 1 0 1 0 0 1 0 0 0 0 0/1 15:26 4:20 0:13
Mike Zigomanis 0 0 0 -2 0 2 3 2 0 0 12/32 22:13 5:24 4:31
Milan Bartovic 0 0 0 0 0 4 0 1 2 0 0/0 16:33 4:24 1:20
Nate Guenin 0 2 2 1 4 2 1 0 0 1 0/0 18:56 4:10 2:49
Nathan Davis 0 1 1 -1 0 1 0 0 0 0 2/7 10:33 0:00 0:07
Nikolai Kulemin 1 0 1 -2 0 6 0 0 1 1 0/1 19:45 5:24 2:01
Ryan Ellis 0 1 1 -2 0 3 1 0 1 1 0/0 22:42 5:41 0:20
Tim Crowder 0 0 0 -1 0 2 0 0 0 0 0/0 11:12 0:46 0:00
Willie Mitchell 0 0 0 -2 0 2 0 2 1 0 0/0 20:02 0:00 5:16
Players Stats for Inferno
Player Name G A P +/- PIM S H SB GA TA FO MP PP MP PK MP
------------------------------------------------------------------------------------
Alex Berry 0 0 0 0 0 0 1 0 0 0 0/0 8:52 0:06 0:00
Anders Lee 0 0 0 0 0 1 2 0 0 1 0/1 10:42 0:00 2:00
Brad Marchand 0 2 2 1 0 2 1 0 0 0 1/3 20:20 4:13 5:23
Brendan Mikkelson 0 0 0 0 0 0 1 2 1 1 0/0 21:22 3:08 3:42
Brian Boyle 0 1 1 1 4 0 3 0 0 0 7/12 19:04 1:14 3:43
Cal O'Reilly 0 1 1 0 0 1 2 0 0 1 6/8 13:12 3:28 0:34
Colby Robak 0 0 0 3 0 2 6 0 0 0 0/0 24:01 4:48 3:42
David Savard 0 0 0 0 4 0 0 1 0 0 0/0 12:01 0:00 0:00
David Ullstrom 0 0 0 0 0 2 0 0 0 0 0/1 9:16 0:00 0:00
Jonathan Ferland 0 1 1 1 17 1 0 0 0 0 3/5 14:02 3:06 1:36
Mark Mitera 0 0 0 0 0 0 0 4 0 1 0/0 19:16 0:00 6:09
Matt Kassian 0 0 0 0 0 0 2 0 0 0 0/0 9:12 0:00 1:16
Pavel Vorobiev 1 0 1 1 0 1 1 0 0 2 0/1 12:59 3:28 0:00
Sami Vatanen 0 0 0 0 0 0 1 0 0 0 0/0 15:30 3:08 0:00
Simon Danis-Pepin 1 1 2 3 0 4 0 2 0 1 0/0 28:04 4:48 6:09
Stephane Veilleux 1 0 1 2 0 6 1 0 2 0 2/3 19:56 3:28 2:59
Vladimir Sobotka 1 0 1 2 0 3 1 0 0 0 16/24 19:38 4:22 2:11
Vladimir Zharkov 1 1 2 1 0 5 1 0 1 0 0/0 12:38 0:23 0:00
3 Stars
1 - Simon Danis-Pepin (Anc)
2 - Vladimir Zharkov (Anc)
3 - Vladimir Sobotka (Anc)
Power Play
Wolves - 1 on 5 Attempt(s) - 20,00%
Inferno - 0 on 4 Attempt(s) - 0,00%
Penalty Kill
Wolves - 4 on 4 Attempt(s) - 100,00%
- Score 0 goal in Penalty Kill
Inferno - 4 on 5 Attempt(s) - 80,00%
- Score 0 goal in Penalty Kill
Team Stat
Wolves - Hits : 26 - Faceoff Wins : 23 - Blocked Shots : 9 - Penalty Minutes : 13
Inferno - Hits : 23 - Faceoff Wins : 35 - Blocked Shots : 9 - Penalty Minutes : 25
Official
Referees : Walkom Stephen and Pollock Kevin
Linesman : Vaughan Rody and Brad Lazarowich
Game Notes
Chris Neil beats up Jonathan Ferland at 15:42 of 1st period
Finance
Level 1 -- Attendance: 1562 (78,10%) -- Ticket Income 54 670 $
Level 2 -- Attendance: 696 (69,60%) -- Ticket Income 10 440 $
Total Attendance: 2258 (75,27%)
Total Ticket Income: 65 110 $
Other Income: 3 256 $
Total Income: 68 366 $
Wolves
5 vs 5 Forward
Center Left Wing Right Wing Time % Phy DF OF
1 Mike Zigomanis Nikolai Kulemin Chris Neil 40 1 0 4
2 Jarret Stoll Mike Sislo Milan Bartovic 30 2 0 3
3 Nathan Davis Maksim Mayorov Tim Crowder 20 1 1 3
4 Dan Fritsche Chris Terry Jonathan Rheault 10 2 2 1
5 vs 5 Defense
Defense Defense Time % Phy DF OF
1 Ryan Ellis Dmitry Kulikov 45 0 4 1
2 Bruno Gervais Willie Mitchell 35 0 4 1
3 Nate Guenin Marc-André Gragnani 20 1 3 1
4 Dmitry Kulikov Ryan Ellis 0 1 3 1
PowerPlay Forward
Center Left Wing Right Wing Time % Phy DF OF
1 Mike Zigomanis Nikolai Kulemin Chris Neil 60 0 0 5
2 Jarret Stoll Mike Sislo Milan Bartovic 40 0 0 5
PowerPlay Defense
Defense Defense Time % Phy DF OF
1 Dmitry Kulikov Ryan Ellis 60 1 2 2
2 Bruno Gervais Nate Guenin 40 1 2 2
Penalty Kill 4 Players Forward
Center Wing Time % Phy DF OF
1 Chris Neil Mike Zigomanis 60 1 3 1
2 Milan Bartovic Dan Fritsche 40 1 3 1
Penalty Kill 4 Players Defense
Defense Defense Time % Phy DF OF
1 Willie Mitchell Nate Guenin 60 2 3 0
2 Marc-André Gragnani Bruno Gervais 40 2 3 0
Penalty Kill - 3 Players Forward
Forward Time % Phy DF OF
1 Chris Neil 60 2 3 0
2 Mike Zigomanis 40 3 2 0
Penalty Kill - 3 Players Defense
Defense Defense Time % Phy DF OF
1 Willie Mitchell Bruno Gervais 60 1 4 0
2 Marc-André Gragnani Nate Guenin 40 1 4 0
4 vs 4 Forward
Center Wing Time % Phy DF OF
1 Chris Neil Mike Zigomanis 60 1 1 3
2 Jarret Stoll Nikolai Kulemin 40 1 1 3
4 vs 4 Defense
Defense Defense Time % Phy DF OF
1 Ryan Ellis Dmitry Kulikov 60 1 3 1
2 Bruno Gervais Nate Guenin 40 1 3 1
Last Minutes Offensive
Center Left Wing Right Wing Defense Defense
Mike Zigomanis Nikolai Kulemin Jarret Stoll Ryan Ellis Dmitry Kulikov
Last Minutes Defensive
Center Left Wing Right Wing Defense Defense
Dan Fritsche Milan Bartovic Chris Neil Willie Mitchell Nate Guenin
Goaltenders
Starting : Jamie Storr
Backup : Loïc Lacasse
Extra Forwards
Normal : Mike Zigomanis, Nikolai Kulemin, Jarret Stoll - PP : Mike Zigomanis, Jarret Stoll - PK : Dan Fritsche
Extra Defensemen
Normal : Dmitry Kulikov, Ryan Ellis, Nate Guenin - PP : Dmitry Kulikov - PK : Nate Guenin, Willie Mitchell
Penalty Shots
Jarret Stoll, Mike Zigomanis, Nikolai Kulemin, Dan Fritsche, Chris Neil
Inferno
5 vs 5 Forward
Center Left Wing Right Wing Time % Phy DF OF
1 Vladimir Sobotka Stephane Veilleux Jonathan Ferland 40 1 2 2
2 Brian Boyle Brad Marchand Pavel Vorobiev 30 1 2 2
3 Cal O'Reilly David Ullstrom Vladimir Zharkov 20 1 2 2
4 Anders Lee Matt Kassian Alex Berry 10 1 2 2
5 vs 5 Defense
Defense Defense Time % Phy DF OF
1 Simon Danis-Pepin Colby Robak 40 1 2 2
2 Sami Vatanen Brendan Mikkelson 30 1 2 2
3 David Savard Mark Mitera 20 1 2 2
4 Simon Danis-Pepin Brendan Mikkelson 10 1 2 2
PowerPlay Forward
Center Left Wing Right Wing Time % Phy DF OF
1 Vladimir Sobotka Brad Marchand Jonathan Ferland 60 1 2 2
2 Cal O'Reilly Stephane Veilleux Pavel Vorobiev 40 1 2 2
PowerPlay Defense
Defense Defense Time % Phy DF OF
1 Simon Danis-Pepin Colby Robak 60 1 2 2
2 Sami Vatanen Brendan Mikkelson 40 1 2 2
Penalty Kill 4 Players Forward
Center Wing Time % Phy DF OF
1 Brian Boyle Brad Marchand 60 1 2 2
2 Vladimir Sobotka Jonathan Ferland 40 1 2 2
Penalty Kill 4 Players Defense
Defense Defense Time % Phy DF OF
1 Simon Danis-Pepin Mark Mitera 60 1 2 2
2 Brendan Mikkelson Colby Robak 40 1 2 2
Penalty Kill - 3 Players Forward
Forward Time % Phy DF OF
1 Stephane Veilleux 60 1 2 2
2 Brad Marchand 40 1 2 2
Penalty Kill - 3 Players Defense
Defense Defense Time % Phy DF OF
1 Simon Danis-Pepin Mark Mitera 60 1 2 2
2 Brendan Mikkelson Colby Robak 40 1 2 2
4 vs 4 Forward
Center Wing Time % Phy DF OF
1 Vladimir Sobotka Brad Marchand 60 1 2 2
2 Brian Boyle Jonathan Ferland 40 1 2 2
4 vs 4 Defense
Defense Defense Time % Phy DF OF
1 Simon Danis-Pepin Colby Robak 60 1 2 2
2 Sami Vatanen Brendan Mikkelson 40 1 2 2
Last Minutes Offensive
Center Left Wing Right Wing Defense Defense
Vladimir Sobotka Stephane Veilleux Jonathan Ferland Simon Danis-Pepin Brendan Mikkelson
Last Minutes Defensive
Center Left Wing Right Wing Defense Defense
Vladimir Sobotka Stephane Veilleux Jonathan Ferland Simon Danis-Pepin Brendan Mikkelson
Goaltenders
Starting : Josh Harding
Backup : Jonathan Boutin
Extra Forwards
Normal : Brian Boyle, Vladimir Zharkov, Stephane Veilleux - PP : Brian Boyle, Vladimir Zharkov - PK : Stephane Veilleux
Extra Defensemen
Normal : Brendan Mikkelson, David Savard, Mark Mitera - PP : Brendan Mikkelson - PK : Brendan Mikkelson, Mark Mitera
Penalty Shots
Stephane Veilleux, Brad Marchand, Anders Lee, Jonathan Ferland, Pavel Vorobiev
% Time on Ice - Wolves
Lines # - Real PCT - Wanted PCT - Time Play
Normal Forward
1 - 30% - 40% - 12:51
2 - 26% - 30% - 10:53
3 - 25% - 20% - 10:26
4 - 19% - 10% - 8:03
Normal Defense
1 - 44% - 45% - 18:33
2 - 33% - 35% - 13:53
3 - 23% - 20% - 9:47
4 - 0% - 0% - 0:00
PP Forward
1 - 60% - 60% - 5:54
2 - 40% - 40% - 3:57
PP Defense
1 - 58% - 60% - 5:41
2 - 42% - 40% - 4:10
PK Forward
1 - 83% - 60% - 6:36
2 - 17% - 40% - 1:20
PK Defense
1 - 79% - 60% - 6:18
2 - 21% - 40% - 1:38
PK3 Forward
1 - 0% - 60%
2 - 0% - 40%
PK3 Defense
1 - 0% - 60%
2 - 0% - 40%
44 Forward
1 - 0% - 60%
2 - 0% - 40%
44 Defense
1 - 0% - 60%
2 - 0% - 40%
Last Minute Offensive - 0:00
Last Minute Defensive - 0:00
Total
Forward - 60:00
Defense - 60:00
|
% Time on Ice - Inferno
Lines # - Real PCT - Wanted PCT - Time Play
Normal Forward
1 - 36% - 40% - 15:06
2 - 26% - 30% - 11:06
3 - 22% - 20% - 9:09
4 - 16% - 10% - 6:52
Normal Defense
1 - 38% - 40% - 15:56
2 - 32% - 30% - 13:19
3 - 28% - 20% - 11:45
4 - 3% - 10% - 1:13
PP Forward
1 - 56% - 60% - 4:28
2 - 44% - 40% - 3:28
PP Defense
1 - 61% - 60% - 4:48
2 - 39% - 40% - 3:08
PK Forward
1 - 78% - 60% - 7:40
2 - 22% - 40% - 2:11
PK Defense
1 - 62% - 60% - 6:09
2 - 38% - 40% - 3:42
PK3 Forward
1 - 0% - 60%
2 - 0% - 40%
PK3 Defense
1 - 0% - 60%
2 - 0% - 40%
44 Forward
1 - 0% - 60%
2 - 0% - 40%
44 Defense
1 - 0% - 60%
2 - 0% - 40%
Last Minute Offensive - 0:00
Last Minute Defensive - 0:00
Total
Forward - 60:00
Defense - 60:00
|
Play by Play
1st period
0:01 of 1st period - Mike Zigomanis wins face-off versus Vladimir Sobotka in neutral zone.
0:53 of 1st period - Snap shot by Vladimir Zharkov.
0:53 of 1st period - Shot Misses the Net.
1:38 of 1st period - Minor Penalty to Nate Guenin for Holding.
1:39 of 1st period - Brad Marchand wins face-off versus Chris Neil in Wolves zone.
1:55 of 1st period - Wrist shot by Vladimir Sobotka.
1:55 of 1st period - Shot Misses the Net.
2:16 of 1st period - Willie Mitchell is hit by Cal O'Reilly and loses puck.
3:38 of 1st period - Penalty to Nate Guenin is over, Nate Guenin is back on ice.
6:19 of 1st period - Simon Danis-Pepin is hit by Bruno Gervais and loses puck.
6:30 of 1st period - Marc-André Gragnani is hit by Colby Robak and loses puck.
6:43 of 1st period - Nate Guenin is hit by Sami Vatanen and loses puck.
6:58 of 1st period - Dmitry Kulikov is hit by Brian Boyle and loses puck.
7:38 of 1st period - Brian Boyle is hit by Jarret Stoll and loses puck.
7:51 of 1st period - Icing by Marc-André Gragnani.
7:52 of 1st period - Cal O'Reilly wins face-off versus Mike Zigomanis in Wolves zone.
7:53 of 1st period - Snap shot by Vladimir Zharkov.
7:53 of 1st period - Goal by Vladimir Zharkov - Wolves : 0 - Inferno : 1.
7:54 of 1st period - Vladimir Sobotka wins face-off versus Mike Zigomanis in neutral zone.
8:08 of 1st period - Off-side.
8:09 of 1st period - Jarret Stoll wins face-off versus Brian Boyle in neutral zone.
8:22 of 1st period - Snap shot by Jarret Stoll.
8:22 of 1st period - Stopped by Josh Harding without a rebound.
8:23 of 1st period - Jonathan Ferland wins face-off versus Mike Zigomanis in Inferno zone.
8:28 of 1st period - Snap shot by Vladimir Sobotka.
8:28 of 1st period - Goal by Vladimir Sobotka - Wolves : 0 - Inferno : 2.
8:29 of 1st period - Vladimir Sobotka wins face-off versus Mike Zigomanis in neutral zone.
8:36 of 1st period - Snap shot by Stephane Veilleux.
8:36 of 1st period - Stopped by Jamie Storr with a rebound.
8:38 of 1st period - Snap shot by Stephane Veilleux.
8:38 of 1st period - Stopped by Jamie Storr with a rebound.
8:40 of 1st period - Wrist shot by Stephane Veilleux.
8:40 of 1st period - Shot Blocked by Dmitry Kulikov.
8:42 of 1st period - Wrist shot by Vladimir Sobotka.
8:42 of 1st period - Stopped by Jamie Storr with a rebound.
8:44 of 1st period - Snap shot by Vladimir Sobotka.
8:44 of 1st period - Shot Misses the Net.
9:01 of 1st period - Snap shot by Pavel Vorobiev.
9:01 of 1st period - Goal by Pavel Vorobiev - Wolves : 0 - Inferno : 3.
9:02 of 1st period - Jonathan Ferland wins face-off versus Mike Zigomanis in neutral zone.
10:26 of 1st period - Wrist shot by Milan Bartovic.
10:26 of 1st period - Stopped by Josh Harding without a rebound.
10:27 of 1st period - Nathan Davis wins face-off versus Jonathan Ferland in Inferno zone.
10:52 of 1st period - Stephane Veilleux is hit by Dan Fritsche and loses puck.
11:30 of 1st period - Wrist shot by Cal O'Reilly.
11:30 of 1st period - Shot Misses the Net.
11:32 of 1st period - Backhand shot by Mark Mitera.
11:32 of 1st period - Deflect By Vladimir Zharkov.
11:32 of 1st period - Stopped by Jamie Storr with a rebound.
11:34 of 1st period - Snap shot by David Ullstrom.
11:34 of 1st period - Shot Misses the Net.
11:36 of 1st period - Backhand shot by David Ullstrom.
11:36 of 1st period - Stopped by Jamie Storr without a rebound.
11:37 of 1st period - Brian Boyle wins face-off versus Nathan Davis in Wolves zone.
11:50 of 1st period - Wrist shot by Brian Boyle.
11:50 of 1st period - Shot Misses the Net.
11:52 of 1st period - Snap shot by Colby Robak.
11:52 of 1st period - Stopped by Jamie Storr with a rebound.
12:02 of 1st period - Simon Danis-Pepin is hit by Mike Zigomanis and loses puck.
12:40 of 1st period - Icing by Jarret Stoll.
12:41 of 1st period - Dan Fritsche wins face-off versus Anders Lee in Wolves zone.
14:18 of 1st period - Maksim Mayorov is hit by Anders Lee and loses puck.
14:33 of 1st period - Snap shot by Brad Marchand.
14:33 of 1st period - Shot Blocked by Willie Mitchell.
14:35 of 1st period - Snap shot by Brian Boyle.
14:35 of 1st period - Shot Misses the Net.
14:37 of 1st period - Wrist shot by Simon Danis-Pepin.
14:37 of 1st period - Goal by Simon Danis-Pepin - Wolves : 0 - Inferno : 4.
14:38 of 1st period - Mike Zigomanis wins face-off versus Vladimir Sobotka in neutral zone.
15:25 of 1st period - Wrist shot by Cal O'Reilly.
15:25 of 1st period - Stopped by Jamie Storr without a rebound.
15:26 of 1st period - Cal O'Reilly wins face-off versus Nathan Davis in Wolves zone.
15:41 of 1st period - Slapshot by Vladimir Zharkov.
15:41 of 1st period - Stopped by Jamie Storr without a rebound.
15:42 of 1st period - Mike Zigomanis wins face-off versus Vladimir Sobotka in Wolves zone.
15:42 of 1st period - Chris Neil beats up Jonathan Ferland.
15:42 of 1st period - Penalty to Jonathan Ferland for Fighting.
15:42 of 1st period - Penalty to Chris Neil for Fighting.
15:42 of 1st period - Penalty to Jonathan Ferland for instigated a fight.
15:42 of 1st period - Penalty to Jonathan Ferland for instigated a fight.
15:43 of 1st period - Mike Zigomanis wins face-off versus Brian Boyle in Wolves zone.
15:54 of 1st period - Wrist shot by Mike Zigomanis.
15:54 of 1st period - Shot Blocked by Mark Mitera.
15:56 of 1st period - Slapshot by Ryan Ellis.
15:56 of 1st period - Shot Blocked by Mark Mitera.
15:58 of 1st period - Slapshot by Mike Zigomanis.
15:58 of 1st period - Shot Misses the Net.
17:42 of 1st period - Penalty to Jonathan Ferland is over, Alex Berry is send on ice.
17:58 of 1st period - Wrist shot by Brian Boyle.
17:58 of 1st period - Shot Blocked by Dmitry Kulikov.
18:00 of 1st period - Slapshot by Mark Mitera.
18:00 of 1st period - Shot Misses the Net.
18:02 of 1st period - Snap shot by Vladimir Zharkov.
18:02 of 1st period - Stopped by Jamie Storr with a rebound.
18:04 of 1st period - Wrist shot by Cal O'Reilly.
18:04 of 1st period - Deflect By Vladimir Zharkov.
18:04 of 1st period - Shot Misses the Net.
18:04 of 1st period - Puck is out of play.
18:05 of 1st period - Cal O'Reilly wins face-off versus Nathan Davis in Wolves zone.
18:14 of 1st period - Wrist shot by Tim Crowder.
18:14 of 1st period - Stopped by Josh Harding without a rebound.
18:15 of 1st period - Vladimir Sobotka wins face-off versus Nathan Davis in Inferno zone.
18:15 of 1st period - Vladimir Sobotka is hit by Maksim Mayorov.
18:21 of 1st period - Bruno Gervais is hit by Vladimir Zharkov.
19:01 of 1st period - Snap shot by Dan Fritsche.
19:01 of 1st period - Shot Misses the Net.
19:23 of 1st period - Backhand shot by Jarret Stoll.
19:23 of 1st period - Deflect By Milan Bartovic.
19:23 of 1st period - Stopped by Josh Harding with a rebound.
19:47 of 1st period - Snap shot by Milan Bartovic.
19:47 of 1st period - Shot Blocked by Simon Danis-Pepin.
19:53 of 1st period - Simon Danis-Pepin is hit by Jarret Stoll.
19:57 of 1st period - Jarret Stoll is hit by Pavel Vorobiev and loses puck.
Goals for this period are 0 for Wolves vs 4 for Inferno.
Shots for this period are 4 for Wolves vs 13 for Inferno.
2nd period
0:01 of 2nd period - Mike Zigomanis wins face-off versus Vladimir Sobotka in neutral zone.
0:10 of 2nd period - Snap shot by Jarret Stoll.
0:10 of 2nd period - Stopped by Josh Harding without a rebound.
0:11 of 2nd period - Vladimir Sobotka wins face-off versus Nikolai Kulemin in Inferno zone.
0:11 of 2nd period - Vladimir Sobotka is hit by Dmitry Kulikov.
0:43 of 2nd period - Snap shot by Ryan Ellis.
0:43 of 2nd period - Deflect By Cal O'Reilly.
0:43 of 2nd period - Stopped by Josh Harding with a rebound.
0:45 of 2nd period - Slapshot by Ryan Ellis.
0:45 of 2nd period - Deflect By Maksim Mayorov.
0:45 of 2nd period - Stopped by Josh Harding without a rebound.
0:46 of 2nd period - Mike Zigomanis wins face-off versus David Ullstrom in Inferno zone.
1:11 of 2nd period - Milan Bartovic is hit by Brad Marchand.
1:29 of 2nd period - Snap shot by Nathan Davis.
1:29 of 2nd period - Deflect By Tim Crowder.
1:29 of 2nd period - Stopped by Josh Harding without a rebound.
1:30 of 2nd period - Nathan Davis wins face-off versus Stephane Veilleux in Inferno zone.
1:43 of 2nd period - Wrist shot by Stephane Veilleux.
1:43 of 2nd period - Goal by Stephane Veilleux - Wolves : 0 - Inferno : 5.
1:44 of 2nd period - Mike Zigomanis wins face-off versus Vladimir Sobotka in neutral zone.
2:17 of 2nd period - Snap shot by Vladimir Zharkov.
2:17 of 2nd period - Stopped by Jamie Storr with a rebound.
2:40 of 2nd period - Willie Mitchell is hit by Anders Lee and loses puck.
2:59 of 2nd period - Slapshot by Willie Mitchell.
2:59 of 2nd period - Stopped by Josh Harding without a rebound.
3:00 of 2nd period - Vladimir Sobotka wins face-off versus Dan Fritsche in Inferno zone.
3:00 of 2nd period - Vladimir Sobotka is hit by Dmitry Kulikov.
3:12 of 2nd period - Snap shot by Stephane Veilleux.
3:12 of 2nd period - Shot Misses the Net.
3:32 of 2nd period - Slapshot by Chris Neil.
3:32 of 2nd period - Stopped by Josh Harding with a rebound.
5:00 of 2nd period - Dan Fritsche is hit by Brendan Mikkelson and loses puck.
5:23 of 2nd period - Icing by David Ullstrom.
5:24 of 2nd period - Cal O'Reilly wins face-off versus Mike Zigomanis in Inferno zone.
5:24 of 2nd period - Cal O'Reilly is hit by Chris Neil.
5:34 of 2nd period - Snap shot by Nikolai Kulemin.
5:34 of 2nd period - Shot Misses the Net.
5:36 of 2nd period - Snap shot by Nikolai Kulemin.
5:36 of 2nd period - Stopped by Josh Harding with a rebound.
5:44 of 2nd period - Willie Mitchell is hit by Colby Robak and loses puck.
5:50 of 2nd period - Minor Penalty to Bruno Gervais for Roughing.
5:51 of 2nd period - Chris Neil wins face-off versus Brad Marchand in Wolves zone.
5:55 of 2nd period - Wrist shot by Mike Zigomanis.
5:55 of 2nd period - Shot Misses the Net.
6:01 of 2nd period - Wrist shot by Brian Boyle.
6:01 of 2nd period - Deflect By Vladimir Sobotka.
6:01 of 2nd period - Shot Misses the Net.
6:01 of 2nd period - Puck is out of play.
6:02 of 2nd period - Vladimir Sobotka wins face-off versus Chris Neil in Wolves zone.
6:11 of 2nd period - Snap shot by Brad Marchand.
6:11 of 2nd period - Shot Misses the Net.
6:13 of 2nd period - Snap shot by Brian Boyle.
6:13 of 2nd period - Shot Misses the Net.
6:15 of 2nd period - Slapshot by Colby Robak.
6:15 of 2nd period - Deflect By Brad Marchand.
6:15 of 2nd period - Stopped by Jamie Storr with a rebound.
6:17 of 2nd period - Slapshot by Simon Danis-Pepin.
6:17 of 2nd period - Shot Blocked by Mike Zigomanis.
6:27 of 2nd period - Nate Guenin is hit by Cal O'Reilly and loses puck.
6:54 of 2nd period - Wrist shot by Nikolai Kulemin.
6:54 of 2nd period - Stopped by Josh Harding without a rebound.
6:55 of 2nd period - Vladimir Sobotka wins face-off versus Dan Fritsche in Inferno zone.
7:18 of 2nd period - Willie Mitchell is hit by Colby Robak and loses puck.
7:50 of 2nd period - Penalty to Bruno Gervais is over, Bruno Gervais is back on ice.
8:32 of 2nd period - Slapshot by Ryan Ellis.
8:32 of 2nd period - Stopped by Josh Harding with a rebound.
9:16 of 2nd period - Slapshot by Ryan Ellis.
9:16 of 2nd period - Stopped by Josh Harding with a rebound.
9:28 of 2nd period - Ryan Ellis is hit by Brian Boyle and loses puck.
9:35 of 2nd period - Slapshot by Dmitry Kulikov.
9:35 of 2nd period - Stopped by Josh Harding with a rebound.
10:14 of 2nd period - Dan Fritsche is hit by Alex Berry and loses puck.
10:23 of 2nd period - Slapshot by Dan Fritsche.
10:23 of 2nd period - Stopped by Josh Harding with a rebound.
10:25 of 2nd period - Slapshot by Marc-André Gragnani.
10:25 of 2nd period - Stopped by Josh Harding without a rebound.
10:26 of 2nd period - Vladimir Sobotka wins face-off versus Mike Zigomanis in Inferno zone.
10:42 of 2nd period - 10 Minutes Misconduct Penalty to Jonathan Ferland is over.
11:16 of 2nd period - Mark Mitera is hit by Dan Fritsche and loses puck.
11:34 of 2nd period - Vladimir Zharkov is hit by Chris Neil and loses puck.
11:45 of 2nd period - Stephane Veilleux is hit by Jarret Stoll.
12:05 of 2nd period - Pavel Vorobiev is hit by Bruno Gervais and loses puck.
12:20 of 2nd period - Willie Mitchell is hit by Colby Robak and loses puck.
12:29 of 2nd period - Slapshot by Brendan Mikkelson.
12:29 of 2nd period - Shot Blocked by Bruno Gervais.
12:31 of 2nd period - Wrist shot by Matt Kassian.
12:31 of 2nd period - Shot Blocked by Willie Mitchell.
12:53 of 2nd period - Wrist shot by Nikolai Kulemin.
12:53 of 2nd period - Stopped by Josh Harding without a rebound.
12:54 of 2nd period - Jarret Stoll wins face-off versus Brian Boyle in Inferno zone.
13:02 of 2nd period - Off-side.
13:03 of 2nd period - Brian Boyle wins face-off versus Jarret Stoll in neutral zone.
13:24 of 2nd period - Snap shot by Mike Sislo.
13:24 of 2nd period - Goal by Mike Sislo - Wolves : 1 - Inferno : 5.
13:25 of 2nd period - Stephane Veilleux wins face-off versus Chris Neil in neutral zone.
13:34 of 2nd period - Wrist shot by Stephane Veilleux.
13:34 of 2nd period - Shot Misses the Net.
13:36 of 2nd period - Slapshot by Simon Danis-Pepin.
13:36 of 2nd period - Stopped by Jamie Storr with a rebound.
13:51 of 2nd period - Minor Penalty to Brian Boyle for Tripping.
13:52 of 2nd period - Stephane Veilleux wins face-off versus Mike Zigomanis in Inferno zone.
14:17 of 2nd period - Stephane Veilleux is hit by Dmitry Kulikov and loses puck.
15:51 of 2nd period - Penalty to Brian Boyle is over, Brian Boyle is back on ice.
16:09 of 2nd period - Wrist shot by Dan Fritsche.
16:09 of 2nd period - Shot Misses the Net.
16:57 of 2nd period - Icing by Mark Mitera.
16:58 of 2nd period - Mike Zigomanis wins face-off versus Cal O'Reilly in Inferno zone.
17:01 of 2nd period - Backhand shot by Nathan Davis.
17:01 of 2nd period - Shot Misses the Net.
17:03 of 2nd period - Slapshot by Marc-André Gragnani.
17:03 of 2nd period - Shot Blocked by Mark Mitera.
17:05 of 2nd period - Wrist shot by Nathan Davis.
17:05 of 2nd period - Stopped by Josh Harding with a rebound.
17:07 of 2nd period - Slapshot by Nate Guenin.
17:07 of 2nd period - Stopped by Josh Harding with a rebound.
17:09 of 2nd period - Slapshot by Marc-André Gragnani.
17:09 of 2nd period - Goal by Marc-André Gragnani - Wolves : 2 - Inferno : 5.
17:10 of 2nd period - Vladimir Sobotka wins face-off versus Mike Zigomanis in neutral zone.
17:12 of 2nd period - Double Minor Penalty to David Savard for Roughing.
17:13 of 2nd period - Brian Boyle wins face-off versus Mike Zigomanis in Inferno zone.
17:39 of 2nd period - Snap shot by Jarret Stoll.
17:39 of 2nd period - Shot Misses the Net.
17:41 of 2nd period - Slapshot by Nate Guenin.
17:41 of 2nd period - Shot Misses the Net.
17:43 of 2nd period - Snap shot by Nate Guenin.
17:43 of 2nd period - Stopped by Josh Harding with a rebound.
17:45 of 2nd period - Wrist shot by Milan Bartovic.
17:45 of 2nd period - Stopped by Josh Harding with a rebound.
17:47 of 2nd period - Slapshot by Bruno Gervais.
17:47 of 2nd period - Deflect By Simon Danis-Pepin.
17:47 of 2nd period - Stopped by Josh Harding without a rebound.
17:48 of 2nd period - Vladimir Sobotka wins face-off versus Mike Zigomanis in Inferno zone.
18:49 of 2nd period - Wrist shot by Stephane Veilleux.
18:49 of 2nd period - Stopped by Jamie Storr with a rebound.
18:53 of 2nd period - Slapshot by Stephane Veilleux.
18:53 of 2nd period - Shot Misses the Net.
18:55 of 2nd period - Snap shot by Stephane Veilleux.
18:55 of 2nd period - Shot Blocked by Milan Bartovic.
18:57 of 2nd period - Snap shot by Simon Danis-Pepin.
18:57 of 2nd period - Stopped by Jamie Storr without a rebound.
18:58 of 2nd period - Brian Boyle wins face-off versus Mike Zigomanis in Wolves zone.
19:07 of 2nd period - Snap shot by Nikolai Kulemin.
19:07 of 2nd period - Goal by Nikolai Kulemin - Wolves : 3 - Inferno : 5.
19:08 of 2nd period - Brian Boyle wins face-off versus Mike Zigomanis in neutral zone.
19:11 of 2nd period - Slapshot by Brad Marchand.
19:11 of 2nd period - Shot Misses the Net.
19:23 of 2nd period - Wrist shot by Chris Neil.
19:23 of 2nd period - Shot Misses the Net.
19:33 of 2nd period - Brian Boyle is hit by Dmitry Kulikov and loses puck.
19:52 of 2nd period - Brian Boyle is hit by Chris Neil and loses puck.
Goals for this period are 3 for Wolves vs 1 for Inferno.
Shots for this period are 22 for Wolves vs 6 for Inferno.
3rd period
0:01 of 3rd period - Mike Zigomanis wins face-off versus Brian Boyle in neutral zone.
0:10 of 3rd period - Snap shot by Nikolai Kulemin.
0:10 of 3rd period - Shot Blocked by Mark Mitera.
0:12 of 3rd period - Slapshot by Nikolai Kulemin.
0:12 of 3rd period - Stopped by Josh Harding with a rebound.
0:26 of 3rd period - Mark Mitera is hit by Ryan Ellis and loses puck.
0:33 of 3rd period - Wrist shot by Milan Bartovic.
0:33 of 3rd period - Stopped by Josh Harding with a rebound.
0:35 of 3rd period - Slapshot by Milan Bartovic.
0:35 of 3rd period - Shot Misses the Net.
0:45 of 3rd period - Snap shot by Brian Boyle.
0:45 of 3rd period - Deflect By Jonathan Ferland.
0:45 of 3rd period - Stopped by Jamie Storr without a rebound.
0:46 of 3rd period - Jonathan Ferland wins face-off versus Mike Zigomanis in Wolves zone.
0:47 of 3rd period - Snap shot by Vladimir Sobotka.
0:47 of 3rd period - Shot Blocked by Dmitry Kulikov.
1:07 of 3rd period - Penalty to David Savard is over, David Savard is back on ice.
1:21 of 3rd period - Minor Penalty to Brian Boyle for Roughing.
1:22 of 3rd period - Vladimir Sobotka wins face-off versus Mike Zigomanis in Inferno zone.
1:45 of 3rd period - Jonathan Ferland is hit by Dmitry Kulikov and loses puck.
2:16 of 3rd period - Chris Neil is hit by Stephane Veilleux and loses puck.
3:21 of 3rd period - Penalty to Brian Boyle is over, Brian Boyle is back on ice.
3:45 of 3rd period - Icing by Brian Boyle.
3:46 of 3rd period - Dan Fritsche wins face-off versus Cal O'Reilly in Inferno zone.
3:55 of 3rd period - Mark Mitera is hit by Dan Fritsche and loses puck.
4:02 of 3rd period - Snap shot by Dan Fritsche.
4:02 of 3rd period - Shot Misses the Net.
4:33 of 3rd period - Slapshot by Vladimir Sobotka.
4:33 of 3rd period - Stopped by Jamie Storr without a rebound.
4:34 of 3rd period - Mike Zigomanis wins face-off versus Vladimir Sobotka in Wolves zone.
4:59 of 3rd period - Sami Vatanen is hit by Dmitry Kulikov and loses puck.
5:08 of 3rd period - Snap shot by Nathan Davis.
5:08 of 3rd period - Shot Blocked by Brendan Mikkelson.
5:10 of 3rd period - Slapshot by Bruno Gervais.
5:10 of 3rd period - Shot Blocked by Brendan Mikkelson.
5:19 of 3rd period - Icing by Brendan Mikkelson.
5:20 of 3rd period - Jarret Stoll wins face-off versus Pavel Vorobiev in Inferno zone.
5:23 of 3rd period - Wrist shot by Jarret Stoll.
5:23 of 3rd period - Stopped by Josh Harding without a rebound.
5:24 of 3rd period - Jarret Stoll wins face-off versus Brian Boyle in Inferno zone.
5:31 of 3rd period - Slapshot by Ryan Ellis.
5:31 of 3rd period - Shot Blocked by Simon Danis-Pepin.
5:51 of 3rd period - Wrist shot by Nikolai Kulemin.
5:51 of 3rd period - Stopped by Josh Harding with a rebound.
5:53 of 3rd period - Wrist shot by Mike Zigomanis.
5:53 of 3rd period - Stopped by Josh Harding without a rebound.
5:54 of 3rd period - Vladimir Sobotka wins face-off versus Mike Zigomanis in Inferno zone.
5:54 of 3rd period - Vladimir Sobotka is hit by Chris Neil.
6:04 of 3rd period - Snap shot by Mike Zigomanis.
6:04 of 3rd period - Stopped by Josh Harding with a rebound.
6:06 of 3rd period - Wrist shot by Mike Zigomanis.
6:06 of 3rd period - Shot Misses the Net.
6:07 of 3rd period - Minor Penalty to Chris Neil for Goalie Interference.
6:08 of 3rd period - Dan Fritsche wins face-off versus Jonathan Ferland in Wolves zone.
6:17 of 3rd period - Slapshot by Simon Danis-Pepin.
6:17 of 3rd period - Stopped by Jamie Storr with a rebound.
6:19 of 3rd period - Wrist shot by Vladimir Sobotka.
6:19 of 3rd period - Shot Misses the Net.
6:21 of 3rd period - Slapshot by Vladimir Sobotka.
6:21 of 3rd period - Shot Misses the Net.
6:23 of 3rd period - Slapshot by Simon Danis-Pepin.
6:23 of 3rd period - Shot Hit the Post.
8:07 of 3rd period - Penalty to Chris Neil is over, Chris Neil is back on ice.
8:13 of 3rd period - Willie Mitchell is hit by Brian Boyle and loses puck.
8:49 of 3rd period - Icing by Mark Mitera.
8:50 of 3rd period - Brian Boyle wins face-off versus Dan Fritsche in Inferno zone.
9:19 of 3rd period - Slapshot by Mark Mitera.
9:19 of 3rd period - Shot Misses the Net.
9:21 of 3rd period - Slapshot by Anders Lee.
9:21 of 3rd period - Stopped by Jamie Storr without a rebound.
9:22 of 3rd period - Vladimir Sobotka wins face-off versus Mike Zigomanis in Wolves zone.
9:29 of 3rd period - Snap shot by Stephane Veilleux.
9:29 of 3rd period - Shot Misses the Net.
9:31 of 3rd period - Slapshot by Colby Robak.
9:31 of 3rd period - Deflect By Mike Zigomanis.
9:31 of 3rd period - Stopped by Jamie Storr without a rebound.
9:32 of 3rd period - Mike Zigomanis wins face-off versus Vladimir Sobotka in Wolves zone.
9:36 of 3rd period - Off-side.
9:37 of 3rd period - Vladimir Sobotka wins face-off versus Mike Zigomanis in neutral zone.
9:44 of 3rd period - Slapshot by Mike Zigomanis.
9:44 of 3rd period - Shot Misses the Net.
9:46 of 3rd period - Slapshot by Willie Mitchell.
9:46 of 3rd period - Stopped by Josh Harding without a rebound.
9:47 of 3rd period - Vladimir Sobotka wins face-off versus Mike Zigomanis in Inferno zone.
10:02 of 3rd period - Snap shot by Nikolai Kulemin.
10:02 of 3rd period - Shot Misses the Net.
10:04 of 3rd period - Slapshot by Ryan Ellis.
10:04 of 3rd period - Deflect By Mike Zigomanis.
10:04 of 3rd period - Shot Misses the Net.
10:04 of 3rd period - Puck is out of play.
10:05 of 3rd period - Brian Boyle wins face-off versus Mike Sislo in Inferno zone.
10:10 of 3rd period - Snap shot by Brad Marchand.
10:10 of 3rd period - Shot Misses the Net.
10:40 of 3rd period - Snap shot by Stephane Veilleux.
10:40 of 3rd period - Stopped by Jamie Storr with a rebound.
10:42 of 3rd period - Wrist shot by Stephane Veilleux.
10:42 of 3rd period - Shot Blocked by Mike Zigomanis.
11:39 of 3rd period - Wrist shot by Brad Marchand.
11:39 of 3rd period - Shot Misses the Net.
12:13 of 3rd period - Snap shot by Nathan Davis.
12:13 of 3rd period - Shot Misses the Net.
12:16 of 3rd period - Icing by Vladimir Zharkov.
12:17 of 3rd period - Cal O'Reilly wins face-off versus Nathan Davis in Inferno zone.
12:32 of 3rd period - Snap shot by David Ullstrom.
12:32 of 3rd period - Stopped by Jamie Storr without a rebound.
12:33 of 3rd period - Vladimir Sobotka wins face-off versus Chris Neil in Wolves zone.
12:34 of 3rd period - Snap shot by Stephane Veilleux.
12:34 of 3rd period - Stopped by Jamie Storr with a rebound.
12:58 of 3rd period - Mike Sislo is hit by Colby Robak and loses puck.
13:27 of 3rd period - Maksim Mayorov is hit by Matt Kassian.
13:49 of 3rd period - Icing by Simon Danis-Pepin.
13:50 of 3rd period - Cal O'Reilly wins face-off versus Mike Zigomanis in Inferno zone.
13:54 of 3rd period - Minor Penalty to Nate Guenin for Holding.
13:55 of 3rd period - Chris Neil wins face-off versus Brad Marchand in Wolves zone.
14:11 of 3rd period - Bruno Gervais is hit by Colby Robak and loses puck.
15:11 of 3rd period - Cal O'Reilly is hit by Mike Zigomanis and loses puck.
15:54 of 3rd period - Penalty to Nate Guenin is over, Nate Guenin is back on ice.
16:09 of 3rd period - Alex Berry is hit by Dmitry Kulikov.
16:21 of 3rd period - Wrist shot by Brad Marchand.
16:21 of 3rd period - Stopped by Jamie Storr with a rebound.
16:53 of 3rd period - Wrist shot by Milan Bartovic.
16:53 of 3rd period - Shot Blocked by David Savard.
17:15 of 3rd period - Vladimir Sobotka is hit by Nate Guenin and loses puck.
17:32 of 3rd period - Willie Mitchell is hit by Matt Kassian and loses puck.
18:18 of 3rd period - Sami Vatanen is hit by Maksim Mayorov.
19:09 of 3rd period - Bruno Gervais is hit by Vladimir Sobotka and loses puck.
19:15 of 3rd period - Icing by Chris Neil.
19:16 of 3rd period - Mike Zigomanis wins face-off versus Vladimir Sobotka in Wolves zone.
19:38 of 3rd period - Vladimir Sobotka is hit by Mike Zigomanis.
Goals for this period are 0 for Wolves vs 0 for Inferno.
Shots for this period are 7 for Wolves vs 9 for Inferno.
Output by the SimonT Hockey Simulator (STHS) for François Prévost -- Original Page W3C XHTML 1.0 Valid